 Dungeon Crawl Stone Soup version 0.21-a0-216-g6d3fd91 (webtiles) character file.

5348 Leszczynek the Grappler (level 10, -5/102 HPs)
             Began as a Troll Skald on Aug 23, 2017.
             Slain by a two-headed ogre
             ... wielding a +0 giant club
              (12 damage)
             ... on level 9 of the Dungeon.
             The game lasted 00:17:05 (3064 turns).

Leszczynek the Grappler (Troll Skald)               Turns: 3064, Time: 00:17:05

Health: -5/102     AC:  7    Str: 21    XL:     10   Next: 38%
Magic:  10/10      EV: 12    Int: 11    God:
Gold:   225        SH:  0    Dex: 10    Spells: 4/11 levels left

rFire    . . .     SeeInvis +     - Unarmed
rCold    + . .     Gourm    +   (no shield)
rNeg     . . .     Faith    .   q - +2 robe {MR+}
rPois    .         Spirit   .   (helmet restricted)
rElec    .         Reflect  .   p - scarf {repulsion}
rCorr    .         Harm     .   (gloves unavailable)
MR       +....                  (boots unavailable)
Stlth    ++........             (no amulet)
HPRegen  0.67/turn              k - ring of protection from cold
MPRegen  0.12/turn              s - ring of stealth

@: repel missiles
A: unfitting armour, claws 3, talons 1, see invisible, fast metabolism 3,
gourmand, regeneration 1, screaming 1, shaggy fur 1, tough skin 2
a: no special abilities


You were on level 9 of the Dungeon.
You were very full.

You visited 1 branch of the dungeon, and saw 9 of its levels.

You collected 225 gold pieces.

Inventory:

Missiles
 b - 3 javelins
 i - 61 bolts
 t - 7 tomahawks (quivered)
Armour
 p - a scarf of repulsion (worn)
 q - a +2 robe of magic resistance (worn)
Jewellery
 k - a ring of protection from cold (left claw)
 s - a ring of stealth (right claw)
 C - an uncursed ring of wizardry
Wands
 x - a wand of acid (0/15)
 y - a wand of paralysis (8/24)
 B - a wand of acid (2/15)
Scrolls
 e - 2 scrolls of amnesia
 f - 2 scrolls of identify {@r1}
 h - a scroll of enchant weapon {unknown}
 j - 4 scrolls of enchant armour
 n - a scroll of magic mapping {unknown}
 r - a scroll of immolation {unknown}
 u - a scroll of blinking {unknown}
 v - 4 scrolls of teleportation
 A - 3 scrolls of remove curse {unknown}
 E - a scroll of brand weapon {unknown}
Potions
 a - 2 potions of heal wounds {unknown}
 c - 2 potions of agility {unknown}
 m - a potion of flight {unknown}
 w - 2 potions of lignification {unknown}
 z - 2 potions of curing {@q1}
Comestibles
 d - 4 bread rations
 g - 3 fruits
 l - a royal jelly
 o - 4 meat rations
 D - 3 chunks of flesh


   Skills:
 - Level 7.0 Fighting
 - Level 6.4 Dodging
 * Level 11.0 Unarmed Combat
 - Level 1.2 Spellcasting
 - Level 2.0 Charms


You had 4 spell levels left.
You knew the following spells:

 Your Spells              Type           Power        Failure   Level  Hunger
a - Song of Slaying       Chrm           #.......     22%         2    ###....
b - Shroud of Golubria    Chrm/Tloc      #.........   32%         2    ###....
q - Regeneration          Chrm/Necr      #.........   54%         3    ####...


Dungeon Overview and Level Annotations

Branches:
Dungeon (9/15)
 Temple: D:4-7         Lair: D:8-11         Orc: D:9-12

Altars:
Cheibriados
Hepliaklqana
The Shining One


Innate Abilities, Weirdness & Mutations

You are too large for most types of armour.
You have claws for hands.
Your metabolism is lightning-fast.
You like to eat raw meat.
Your natural rate of healing is unusually fast.
You are covered in fur. (AC +1)
You have very tough skin. (AC +2)
You have sharp toenails.
You have supernaturally acute eyesight. (SInv)
You occasionally shout uncontrollably at your foes.


Message History

Aim: a two-headed ogre, wielding two giant clubs (moderately wounded)
The bolt of acid hits the two-headed ogre.
The two-headed ogre is splashed with acid.
The two-headed ogre is heavily wounded.
The bolt of acid misses the scorpion.
This wand has 0 charges left.
Evoke which item? (* to show all) (? for menu, Esc to quit)
Aiming: Corrosive Bolt (will waste charges)
Press: ? - help, Shift-Dir - straight line, f/p - two-headed ogre
Aim: a two-headed ogre, wielding two giant clubs (heavily wounded)
The bolt of acid hits the two-headed ogre.
The two-headed ogre is splashed with acid.
The two-headed ogre is almost dead.
The bolt of acid hits the scorpion.
The scorpion is splashed with acid.
The acid corrodes the scorpion!
You kill the scorpion!
Evoking this partially-identified wand wasted a few charges.
The two-headed ogre hits you with a giant club!!
* * * LOW HITPOINT WARNING * * *
The two-headed ogre hits you with a giant club!
You die...

#.........[. #.#
#........... #)#
#......... #.8.#.#.#.#.
#.# #......... #.#####
#)###.........
#.##########
#.##........#
#.........<#
#)##........#
##........##
#.##........#
#........####.##........#
#........@O†............#
#........##.......#...###
#........##.......#.#.#
#.......(##.......#...#
#........##...........#
#........##.......#...#
###########.......#...#
#########...# #...#


You could see a two-headed ogre.

Vanquished Creatures
  The ghost of Dominolapin the Transmogrifier, a journeyman MfTm of Uskayaw (D:9)
  2 two-headed ogres (D:9)
  Pikel (D:7)
  2 hippogriffs (D:7)
  2 wyverns
  A hungry ghost (D:3)
  A black bear (D:7)
  An orc warrior (D:7)
  3 ice beasts
  A sky beast (D:8)
  3 phantoms
  An ogre (D:9)
  A necrophage (D:7)
  A centaur (D:9)
  A big kobold (D:7)
  4 bullfrogs
  3 scorpions
  5 killer bees (D:9)
  3 howler monkeys (D:7)
  3 crimson imps
  A jelly (D:8)
  3 orc priests
  5 orc wizards
  An iguana (D:7)
  6 worker ants
  A howler monkey skeleton (D:5)
  4 adders
  2 shadow imps
  2 oozes (D:2)
  An adder skeleton (D:6)
  A dart slug (D:3)
  5 leopard geckos
  17 orcs
  5 giant cockroaches
  3 goblins
  3 hobgoblins
  2 jackals (D:9)
  5 kobolds
  A ball python (D:6)
  5 bats
  4 frilled lizards
  A giant cockroach zombie (D:5)
  A jackal zombie (D:8)
  6 rats
125 creatures vanquished.

Vanquished Creatures (others)
  A crocodile (D:9)
1 creature vanquished.

Grand Total: 126 creatures vanquished

Notes
Turn   | Place    | Note
-------+----------+-------------------------------------------
     0 | D:1      | Leszczynek the Troll Skald began the quest for the Orb.
     0 | D:1      | Reached XP level 1. HP: 19/19 MP: 1/1
   166 | D:2      | Reached XP level 2. HP: 23/27 MP: 2/2
   170 | D:2      | Learned a level 2 spell: Shroud of Golubria
   187 | D:2      | Reached skill level 3 in Unarmed Combat
   263 | D:2      | Reached XP level 3. HP: 32/33 MP: 3/3
   501 | D:3      | Found a snail-covered altar of Cheibriados.
   509 | D:3      | Reached skill level 4 in Unarmed Combat
   568 | D:3      | Reached XP level 4. HP: 34/41 MP: 1/4
   573 | D:3      | Reached skill level 5 in Unarmed Combat
   597 | D:3      | Noticed a hungry ghost
   616 | D:3      | Killed a hungry ghost
   616 | D:3      | Reached skill level 6 in Unarmed Combat
   616 | D:3      | Reached XP level 5. HP: 37/48 MP: 5/5
   721 | D:3      | Reached XP level 6. HP: 49/55 MP: 6/6
   867 | D:5      | Entered Level 5 of the Dungeon
   912 | D:4      | Reached skill level 7 in Unarmed Combat
  1040 | D:5      | Reached XP level 7. HP: 53/62 MP: 7/7
  1079 | D:5      | Reached skill level 8 in Unarmed Combat
  1426 | D:7      | Reached skill level 9 in Unarmed Combat
  1498 | D:7      | Noticed a hippogriff
  1515 | D:7      | Reached skill level 2 in Fighting
  1515 | D:7      | Reached skill level 2 in Dodging
  1527 | D:7      | Killed a hippogriff
  1527 | D:7      | Reached XP level 8. HP: 54/74 MP: 6/8
  1548 | D:7      | Reached skill level 3 in Fighting
  1564 | D:7      | Reached skill level 3 in Dodging
  1688 | D:7      | Reached skill level 4 in Fighting
  1971 | D:5      | Reached skill level 5 in Fighting
  2060 | D:5      | Reached skill level 4 in Dodging
  2186 | D:4      | ok
  2186 | D:4      | atheist then
  2186 | D:4      | fuck chei
  2217 | D:7      | Noticed Pikel
  2218 | D:7      | Noticed a hippogriff
  2238 | D:7      | Killed Pikel
  2238 | D:7      | Reached skill level 6 in Fighting
  2238 | D:7      | Reached XP level 9. HP: 82/89 MP: 6/9
  2373 | D:8      | Reached skill level 5 in Dodging
  2396 | D:8      | Gained mutation: You have sharp toenails. [mutagenic meat]
  2397 | D:8      | Gained mutation: Your muscles are strong. (Str +2) [mutagenic meat]
  2398 | D:8      | Gained mutation: You have supernaturally acute eyesight. (SInv) [mutagenic meat]
  2399 | D:8      | Gained mutation: You occasionally shout uncontrollably at your foes. [mutagenic meat]
  2400 | D:8      | Lost mutation: Your muscles are strong. (Str +2) [mutagenic meat]
  2476 | D:9      | Reached skill level 7 in Fighting
  2579 | D:9      | Learned a level 3 spell: Regeneration
  2582 | D:9      | Learned a level 2 spell: Song of Slaying
  2627 | D:9      | Noticed Dominolapin's ghost (journeyman MfTm)
  2673 | D:9      | Killed Dominolapin's ghost
  2673 | D:9      | Reached skill level 10 in Unarmed Combat
  2699 | D:9      | Reached XP level 10. HP: 42/102 MP: 7/10
  2792 | D:9      | Noticed a two-headed ogre
  2812 | D:9      | Killed a two-headed ogre
  2812 | D:9      | Reached skill level 6 in Dodging
  2868 | D:9      | Noticed a two-headed ogre
  2869 | D:9      | ...
  2886 | D:9      | Killed a two-headed ogre
  2887 | D:9      | Reached skill level 11 in Unarmed Combat
  2977 | D:9      | Found a glowing golden altar of the Shining One.
  2977 | D:9      | Found a hazy altar of Hepliaklqana.
  2981 | D:9      | Noticed a two-headed ogre
  3064 | D:9      | HP: 7/102 [two-headed ogre/giant club (24)]
  3064 | D:9      | Slain by a two-headed ogre

Vault maps used:
D:1:      lemuel_arrival_cross
D:3:      overflow_temple_1_default, first_bread
D:4:      kennysheep_the_goblin_king, uniq_edmund
D:5:      minmay_temple_entry_nine_rooms
D:7:      kennysheep_little_box, uniq_pikel
D:8:      okawaru_humans, special_room
D:9:      minitemple, kennysheep_orc_monster_closet_entryway

Skill      XL: |  1  2  3  4  5  6  7  8  9 10 |
---------------+-------------------------------+-----
Unarmed Combat | 3 4 6 7 9 10 11 | 11.0
Fighting       | 2 6 7 |  7.0
Dodging        | 2 4 5 6 |  6.4
Spellcasting   | |  1.2
Charms         | |  2.0

Action                   |  1- 3 |  4- 6 |  7- 9 | 10-12 || total
-------------------------+-------+-------+-------+-------++-------
Melee: Unarmed           |    85 |    80 |   225 |    28 ||   418
       Punch             |     1 |       |    10 |       ||    11
       Kick              |       |       |    10 |     9 ||    19
 Cast: Shroud of Golubri |     1 |     1 |     3 |     1 ||     6
Evoke: Wand              |       |       |       |     6 ||     6
  Use: Scroll            |       |     3 |     2 |     1 ||     6
       Potion            |       |       |       |     1 ||     1
 Stab: Sleeping          |     1 |       |     5 |     1 ||     7
  Eat: Chunk             |    11 |    14 |    18 |     6 ||    49
Armor: Robe              |    43 |    37 |    52 |     4 ||   136
Dodge: Dodged            |    47 |    40 |    90 |    25 ||   202
       Deflected         |       |       |     3 |     2 ||     5

Table legend:
 A = Spawn XP
 B = Non-spawn XP
 C = Spawn XP percentage of total XP
 D = Spawn monster count
 E = Non-spawn monster count
 F = Spawn count percentage of total count
 G = Total turns spent on level
                    A         B        C        D         E        F      G
               +---------+---------+-------+---------+---------+-------+---------
         Total |    1664 |    5977 |  21.8 |       8 |     118 |   6.3 |  3064
               +---------+---------+-------+---------+---------+-------+---------
           D:1 |       0 |      11 |   0.0 |       0 |       6 |   0.0 |   142
           D:2 |       1 |      49 |   2.0 |       1 |      16 |   5.9 |   259
           D:3 |     192 |     160 |  54.5 |       1 |      19 |   5.0 |   361
           D:4 |       0 |     163 |   0.0 |       0 |       2 |   0.0 |   208
           D:5 |       2 |     617 |   0.3 |       1 |      20 |   4.8 |   544
           D:6 |       0 |     212 |   0.0 |       0 |       7 |   0.0 |   271
           D:7 |     235 |    1840 |  11.3 |       1 |      17 |   5.6 |   489
           D:8 |       0 |     572 |   0.0 |       0 |      11 |   0.0 |   189
           D:9 |    1234 |    2353 |  34.4 |       4 |      20 |  16.7 |   601
               +---------+---------+-------+---------+---------+-------+---------
